 Dungeon Crawl Stone Soup version 0.18-a0-1745-gffa9a88 (webtiles) character file.

17 FitzyFitz the Firebug (level 2, -2/20 HPs)
             Began as a Demigod Fire Elementalist on Apr 11, 2016.
             Slain by a goblin
             ... wielding a +0 dagger
              (4 damage)
             ... on level 1 of the Dungeon.
             The game lasted 00:01:42 (777 turns).

FitzyFitz the Firebug (Demigod Fire Elementalist)    Turns: 777, Time: 00:01:43

Health: -2/20      AC:  2    Str: 11    XL:     2   Next: 30%
Magic:  0/7        EV: 12    Int: 19    God:
Gold:   21         SH:  0    Dex: 16    Spells: 1 memorised, 3 levels left

rFire  . . .     SeeInvis .     d - +1 short sword
rCold  . . .     Gourm    .     a - +0 robe
rNeg   . . .     Faith    .     (no shield)
rPois  .         Spirit   .     (no helmet)
rElec  .         Dismiss  .     (no cloak)
rCorr  .         Reflect  .     (no gloves)
SustAt +         Harm     .     (no boots)
MR     .....     Rnd*Tele +     (no amulet)
Stlth  ++........               (no ring)
                                k - ring of teleportation (curse)

@: very slightly contaminated, not resistant to hostile enchantments, unstealthy
A: high mp 1, no device heal 1, subdued magic 1, sustain attributes
a: no special abilities


You were on level 1 of the Dungeon.
You were not hungry.

You visited 1 branch of the dungeon, and saw 1 of its levels.

You collected 21 gold pieces.

Inventory:

Hand Weapons
 d - a +1 short sword (weapon)
 f - a +0 whip
Missiles
 h - 39 stones (quivered)
Armour
 a - a +0 robe (worn)
Jewellery
 k - a cursed ring of teleportation (left hand)
Scrolls
 j - a scroll of blinking {unknown}
Potions
 e - a potion of lignification
Books
 b - a book of Flames

   Spells                             Type                      Level
   a - Flame Tongue                   Conjuration/Fire             1
   b - Throw Flame                    Conjuration/Fire             2
   c - Conjure Flame                  Conjuration/Fire             3
   d - Inner Flame                    Hexes/Fire                   3
   e - Sticky Flame                   Conjuration/Fire             4
   f - Fireball                       Conjuration/Fire             5
Comestibles
 c - a bread ration
 g - a meat ration


   Skills:
 - Level 1.7 Dodging
 - Level 1.7 Stealth
 - Level 1.7 Spellcasting
 - Level 0.8 Conjurations
 + Level 3.5 Fire Magic


You had 3 spell levels left.
You knew the following spells:

 Your Spells              Type           Power        Failure   Level  Hunger
a - Flame Tongue          Conj/Fire      #....        8%          1    #......


Dungeon Overview and Level Annotations

Branches:
Dungeon (1/15)


Innate Abilities, Weirdness & Mutations

You have an increased reservoir of magic (+10% MP).
Your attributes are resistant to harm.
Potions and wands are less effective at restoring your health.
Your spells are a little easier to cast, but a little less powerful.


Message History

The flame tongue hits the ball python.
You kill the ball python!
The bat hits you.
* * * LOW HITPOINT WARNING * * *
The goblin hits you with a dagger.
* * * LOW HITPOINT WARNING * * *
Drink which item? (? for menu, Esc to quit)
It was a potion of mutation.
You feel extremely strange.
Your connection to magic feels subdued.
Your system partially rejects artificial healing.
The bat closely misses you. The goblin barely misses you.
Casting: Flame Tongue
Confirm with . or Enter, or press ? or * to list all spells.
Aiming: Flame Tongue
Press: ? - help, Shift-Dir - straight line, f - goblin
Aim: a goblin, wielding a dagger The flame tongue hits the goblin.
The goblin is moderately wounded.
The bat barely misses you. The goblin hits you with a dagger.
You die...

#......#.# #
####......#.# #
#.........#.#######
##....#.##..........
#..........#.#######
#.....#.####.#******
#.............,,,,,,
##.b..#.####.##****,
#.@.##.#**#.#*****,
#..g.........*,,,,.
####.#"###*##**,*#.
*****.#.#* *,*#.
*,,,,..,,*******,*#,
*,**,...,,,,,,,,,,,,
*,**,,#..*******,***
*,**,,*..# *,*
*,**,,*,,*** *,*


You could see a goblin and a bat.

Vanquished Creatures
  A giant gecko (D:1)
  2 bats (D:1)
  A giant cockroach (D:1)
  2 hobgoblins (D:1)
  2 jackals (D:1)
  4 kobolds (D:1)
  A ball python (D:1)
  A rat (D:1)
14 creatures vanquished.

Notes
Turn   | Place    | Note
--------------------------------------------------------------
     0 | D:1      | FitzyFitz the Demigod Fire Elementalist began the quest for the Orb.
     0 | D:1      | Reached XP level 1. HP: 14/14 MP: 5/5
    59 | D:1      | Reached skill level 3 in Fire Magic
   575 | D:1      | Reached XP level 2. HP: 15/20 MP: 7/7
   776 | D:1      | Gained mutation: Your spells are a little easier to cast, but a little less powerful. [potion of mutation]
   776 | D:1      | Gained mutation: Potions and wands are less effective at restoring your health. [potion of mutation]
   777 | D:1      | Slain by a goblin

Vault maps used:
D:1:      denvon_arrival_planthouse, minmay_unequal

Skill      XL: |  1 |
---------------+----+-----
Fire Magic     | 3 |  3.5
Dodging        | |  1.7
Stealth        | |  1.7
Spellcasting   | |  1.7
Conjurations   | |  0.8

Action                   || total
-------------------------++-------
Melee: Short sword       ||    42
 Cast: Flame Tongue      ||    11
  Use: Scroll            ||     3
       Potion            ||     1
 Stab: Sleeping          ||     2
